 Dungeon Crawl Stone Soup version 0.17.1-3-g152610e (webtiles) character file.

58909 Miyamura the Blocker (level 15, 0/120 HPs)
             Began as a Formicid Fighter on Feb 21, 2016.
             Was the Champion of Okawaru.
             Slain by a nine-headed hydra (8 damage)
             ... on level 8 of the Lair of Beasts.
             The game lasted 00:42:42 (18346 turns).

Miyamura the Blocker (Formicid Fighter)            Turns: 18346, Time: 00:42:42

Health: 0/120      AC: 19    Str: 26    XL:     15   Next: 32%
Magic:  16/18      EV: 18    Int: 15    God:    Okawaru [******]
Gold:   1139       SH: 27    Dex: 12    Spells: 0 memorised, 14 levels left

rFire  + + +     SeeInvis +     F - +9 executioner's axe (flame)
rCold  + + .     Clarity  .     w - +6 scale mail of Iruihaq {rPois Dex+5}
rNeg   . . .     SustAt   .     z - +5 large shield {rC+ rF+}
rPois  +         Gourm    .     (helmet unavailable)
rElec  +         Spirit   .     J - +0 cloak of Dishonesty {rElec Str+4 Int+4}
rCorr  .         Warding  .     u - +0 pair of gloves "Pakym" {*Confuse rF+++ MR+ Dex-3}
rMut   .         Stasis   +     (no boots)
MR     +++..                    (no amulet)
Stlth  ++........               n - ring of ice
                                A - ring of protection from magic

@: heroism, extremely resistant to hostile enchantments, unstealthy
A: permanent stasis, dig shafts and tunnels, four strong arms, antennae 3, thin
metallic scales 1, blurry vision 1, deformed body, dopey 1, low mp 1, wild magic
1
a: Dig, Shaft Self, Heroism, Renounce Religion


You were on level 8 of the Lair of Beasts.
You worshipped Okawaru.
Okawaru was exalted by your worship.
You were not hungry.

You visited 2 branches of the dungeon, and saw 16 of its levels.
You also visited: Sewer and Volcano.

You collected 1139 gold pieces.

Inventory:

Hand Weapons
 t - the +5 quarterstaff "Wivewif" {venom, rF+ Str+3}
   (You found it on level 6 of the Lair of Beasts)

   It poisons the flesh of those it strikes.
   It affects your strength (+3).
   It protects you from fire.
 B - the +6 quarterstaff of the Dragonfly {speed, +Blink}
   (You found it on level 2 of the Lair of Beasts)

   Attacks with this weapon are significantly faster.
   It lets you blink.
 F - a +9 executioner's axe of flaming (weapon)
 M - a +3 vampiric battleaxe
Armour
 u - the +0 pair of gloves "Pakym" (worn) {*Confuse rF+++ MR+ Dex-3}
   (You found it on level 5 of the Dungeon)

   It affects your dexterity (-3).
   It renders you almost immune to fire.
   It affects your resistance to hostile enchantments.
   It may confuse you when you take damage.
 w - the +6 scale mail of Iruihaq (worn) {rPois Dex+5}
   (You found it on level 6 of the Dungeon)

   It affects your dexterity (+5).
   It protects you from poison.
 z - a +5 large shield of resistance (worn)
 J - the +0 cloak of Dishonesty (worn) {rElec Str+4 Int+4}
   (You found it on level 3 of the Lair of Beasts)

   It affects your strength (+4).
   It affects your intelligence (+4).
   It insulates you from electricity.
 P - a +1 crystal plate armour
Jewellery
 d - an uncursed ring of flight
 f - an uncursed ring of sustain attributes
 m - an uncursed ring of protection from fire
 n - a ring of ice (right hand)
 A - a ring of protection from magic (left hand)
Wands
 o - a wand of fireball (7)
 r - a wand of heal wounds (6)
 v - a wand of slowing (18)
 C - a wand of disintegration (11)
 H - a wand of lightning (8)
 I - a wand of random effects (15)
Scrolls
 c - a scroll of recharging
 g - 3 scrolls of remove curse
 h - a scroll of identify
 G - a scroll of magic mapping
 R - a scroll of fear
Potions
 a - 3 potions of magic
 b - 3 potions of might
 i - 2 potions of agility
 k - 2 potions of curing
 x - 2 potions of heal wounds
 D - 3 potions of brilliance
Books
 q - a book of Callings

   Spells                             Type                      Level
   a - Summon Small Mammal            Summoning                    1
   b - Call Imp                       Summoning                    2
   c - Call Canine Familiar           Summoning                    3
   d - Summon Guardian Golem          Hexes/Summoning              3
   e - Summon Lightning Spire         Summoning/Air                4
   f - Summon Ice Beast               Ice/Summoning                4
 s - a book of Clouds

   Spells                             Type                      Level
   a - Mephitic Cloud                 Conjuration/Poison/Air       3
   b - Conjure Flame                  Conjuration/Fire             3
   c - Poisonous Cloud                Conjuration/Poison/Air       6
   d - Freezing Cloud                 Conjuration/Ice/Air          6
   e - Ring of Flames                 Charms/Fire                  7
 K - a Young Poisoner's Handbook

   Spells                             Type                      Level
   a - Sting                          Conjuration/Poison           1
   b - Cure Poison                    Poison                       2
   c - Mephitic Cloud                 Conjuration/Poison/Air       3
   d - Olgreb's Toxic Radiance        Poison                       4
   e - Venom Bolt                     Conjuration/Poison           5
 O - a book of the Warp

   Spells                             Type                      Level
   a - Recall                         Summoning/Translocation      3
   b - Gell's Gravitas                Hexes/Translocation          3
   c - Force Lance                    Conjuration/Translocation    4
   d - Phase Shift                    Translocation                5
   e - Warp Weapon                    Charms/Translocation         5
   f - Summon Forest                  Summoning/Translocation      5
Miscellaneous
 y - a fan of gales
Comestibles
 e - 9 bread rations
 j - 54 fruits
 l - 2 slices of pizza
 p - 6 meat rations
 E - 21 chunks of flesh


   Skills:
 + Level 12.1(17.1) Fighting
 * Level 13.0(18.0) Axes
 + Level 12.0(17.0) Armour
 + Level 10.2(15.2) Dodging
 + Level 13.0(18.0) Shields
 - Level 7.7 Invocations


You had 14 spell levels left.
You didn't know any spells.

Dungeon Overview and Level Annotations

Branches:
Dungeon (8/15)             Temple (0/1) D:5            Lair (8/8) D:8
  Swamp (0/4) Lair:5       Spider (0/4) Lair:3        Slime (0/6) Lair:7

Altars:
Dithmenos
Elyvilon
Gozag
Kikubaaqudgha
Nemelex Xobeh
Okawaru
Qazlal
Ru
Sif Muna
Vehumet
Xom
The Shining One


Innate Abilities, Weirdness & Mutations

You are under a permanent stasis effect.
You can dig through walls and to a lower floor.
Your four strong arms can wield two-handed weapons with a shield.
You have a pair of large antennae on your head (SInv).
You are partially covered in thin metallic scales (AC +2).
Scrolls take you a little longer to read.
Armour fits poorly on your strangely shaped body.
You are dopey. (Int -2)
Your magical capacity is low (-10% MP).
Your spells are a little harder to cast, but a little more powerful.


Message History

The nine-headed hydra bites you. You block the spiny frog's attack.
The nine-headed hydra barely misses you.
The nine-headed hydra bites you. x2
The nine-headed hydra closely misses you.
You block the nine-headed hydra's attack.
The nine-headed hydra bites you but does no damage.
The nine-headed hydra bites you. x2
The nine-headed hydra bites you!
* * * LOW HITPOINT WARNING * * *
Unknown command.
You gain the combat prowess of a mighty hero.
You feel slightly more hungry. The spiny frog stings you!
* * * LOW HITPOINT WARNING * * *
You block the spiny frog's attack.
The nine-headed hydra bites you but does no damage.
The nine-headed hydra barely misses you.
The nine-headed hydra completely misses you.
The nine-headed hydra closely misses you.
The nine-headed hydra bites you!
You die...

## # #.♣♣♣ ##.##########.#
#.. #P. .#...PP#...#.##.P.
.... ##..............P..
.....
##...#..#.................
#...P###....#.......##..
#.....##...#.#....#.
#.......P.........#
##...#P.....@F......
#....#.P.....D.....P
##...###...........#
#..####.....PP...PP
#..##..#.P....P....
##......+.....P....
#................?
#.................
##........


You could see a nine-headed hydra and a spiny frog.

Vanquished Creatures
  Rupert (Lair:7)
  Josephine (Lair:7)
  Erica (Lair:1)
  3 hydras
  12 death yaks
  A salamander mystic (Volcano)
  Pikel (D:8)
  A swamp dragon (Lair:5)
  4 griffons
  4 black mambas
  5 salamanders (Volcano)
  7 spiny frogs
  14 elephants
  A torpor snail (Lair:6)
  2 molten gargoyles (Volcano)
  7 komodo dragons
  A spriggan druid (Lair:8)
  3 fire drakes
  5 polar bears (Lair:8)
  A slime creature (Lair:3)
  2 boulder beetles
  27 blink frogs
  17 yaks
  A deep elf fighter (D:8)
  5 redbacks
  11 hippogriffs
  14 spriggans (Lair:8)
  A fire bat (Volcano)
  3 wraiths (Lair:7)
  A vampire mosquito (Lair:4)
  2 basilisks (Lair:5)
  Menkaure (D:7)
  A steam dragon (D:8)
  38 wolves
  An insubstantial wisp (Lair:4)
  4 orc warriors
  14 porcupines
  7 black bears
  11 water moccasins
  A slave (D:8)
  2 ogres
  A necrophage (D:8)
  2 wasps (Lair:8)
  A phantom (D:5)
  A centaur (D:5)
  3 ice beasts
  18 crocodiles
  2 big kobolds (Sewer)
  11 giant frogs
  2 scorpions
  4 killer bees (D:8)
  6 crimson imps
  An electric eel (Lair:6)
  2 lava snakes (Volcano)
  An orc priest (D:8)
  11 orc wizards
  3 giant frog skeletons
  A quasit (D:6)
  Crazy Yiuf (D:4)
  A gnoll shaman (D:6)
  11 jellies
  A centaur skeleton (D:8)
  2 hounds
  11 iguanas
  8 worker ants
  13 sheep (Lair:6)
  A hound skeleton (D:7)
  15 gnolls
  13 adders
  76 river rats
  A shadow imp (D:7)
  21 oozes
  An adder skeleton (D:5)
  An adder zombie (D:5)
  9 worms
  2 giant geckos (D:4)
  26 orcs
  3 ball pythons (Sewer)
  18 bats
  4 giant cockroaches
  4 hobgoblins
  9 jackals
  12 kobolds
  6 quokkas
  4 giant newts
  6 goblins
  A quokka zombie (D:7)
  21 rats
  9 fungi
  11 plants
631 creatures vanquished.

Vanquished Creatures (others)
  3 slaves (D:8)
  A yak (D:8)
  A hound (D:5)
  2 adders (D:5)
  A worm (D:5)
  A giant newt (Lair:5)
  22 fungi
  12 plants
43 creatures vanquished.

Grand Total: 674 creatures vanquished

Notes
Turn   | Place    | Note
--------------------------------------------------------------
     0 | D:1      | Miyamura the Formicid Fighter began the quest for the Orb.
     0 | D:1      | Reached XP level 1. HP: 18/18 MP: 1/1
   106 | D:1      | Reached XP level 2. HP: 21/24 MP: 2/2
   130 | D:1      | Reached skill level 4 in Shields
   235 | D:1      | Reached XP level 3. HP: 29/29 MP: 3/3
   370 | D:1      | Reached skill level 1 in Dodging
   541 | D:2      | Found a white marble altar of Elyvilon.
   694 | D:2      | Reached XP level 4. HP: 35/35 MP: 4/4
   723 | D:2      | Found an iron altar of Okawaru.
   723 | D:2      | Found a shadowy altar of Dithmenos.
   747 | D:2      | Became a worshipper of Warmaster Okawaru
   767 | D:2      | Found a sacrificial altar of Ru.
  1462 | D:3      | Reached XP level 5. HP: 42/42 MP: 5/5
  1902 | D:4      | Reached XP level 6. HP: 41/48 MP: 6/6
  1929 | D:4      | Found a glowing drain.
  1933 | Sewer    | Entered a sewer
  2047 | Sewer    | Reached * piety under Okawaru
  2047 | Sewer    | Reached skill level 5 in Shields
  2612 | Sewer    | Reached XP level 7. HP: 47/55 MP: 7/7
  2918 | D:4      | Got a colourful robe
  3007 | D:4      | Found a sparkling altar of Nemelex Xobeh.
  3020 | D:4      | Identified the +1 robe "Tuzamiekk" {+Inv +Fly rPois} (You found it on level 4 of the Dungeon)
  3467 | D:4      | Noticed Crazy Yiuf
  3492 | D:4      | Killed Crazy Yiuf
  3829 | D:5      | Entered Level 5 of the Dungeon
  4263 | D:5      | Reached skill level 5 in Fighting
  4263 | D:5      | Reached skill level 5 in Armour
  4305 | D:5      | Reached ** piety under Okawaru
  4305 | D:5      | Reached XP level 8. HP: 45/62 MP: 8/8
  4403 | D:5      | Found a shimmering altar of Xom.
  4449 | D:5      | Got a pair of shimmering gloves
  4450 | D:5      | Identified the cursed +0 pair of gloves "Pakym" {*Confuse rF+++ MR+ Dex-3} (You found it on level 5 of the Dungeon)
  4507 | D:5      | Found a staircase to the Ecumenical Temple.
  4666 | D:5      | Reached skill level 6 in Shields
  4682 | D:5      | Found a stormy altar of Qazlal.
  5210 | D:6      | Reached *** piety under Okawaru
  5216 | D:6      | Reached skill level 5 in Axes
  5279 | D:6      | Got a faintly glowing scale mail
  5290 | D:6      | Identified the +6 scale mail of Iruihaq {rPois Dex+5} (You found it on level 6 of the Dungeon)
  5372 | D:6      | Reached XP level 9. HP: 69/69 MP: 9/9
  5870 | D:7      | Reached skill level 7 in Shields
  6233 | D:7      | Reached **** piety under Okawaru
  6399 | D:7      | Noticed Menkaure
  6409 | D:7      | Killed Menkaure
  6527 | D:7      | Found a glowing golden altar of the Shining One.
  6741 | D:8      | Reached skill level 5 in Dodging
  6821 | D:8      | Received a gift from Okawaru
  6821 | D:8      | Reached XP level 10. HP: 71/77 MP: 10/10
  6852 | D:8      | Reached skill level 8 in Shields
  6884 | D:8      | Gained mutation: Scrolls take you a little longer to read. [potion of mutation]
  6884 | D:8      | Gained mutation: Armour fits poorly on your strangely shaped body. [potion of mutation]
  6884 | D:8      | Gained mutation: You are partially covered in thin metallic scales (AC +2). [potion of mutation]
  6975 | D:8      | Noticed Pikel
  6993 | D:8      | Killed Pikel
  7167 | D:8      | Reached ***** piety under Okawaru
  7241 | D:8      | Reached skill level 9 in Shields
  7480 | D:8      | Found a staircase to the Lair.
  7580 | D:8      | Found an opulent altar of Gozag.
  7664 | D:8      | Found a deep blue altar of Sif Muna.
  7666 | D:8      | Found an ancient bone altar of Kikubaaqudgha.
  7666 | D:8      | Found a radiant altar of Vehumet.
  7671 | D:8      | Identified Vehumet's Compendium of Combat Magic
  7678 | D:8      | Identified Sif Muna's Papyrus of Summoning
  7685 | D:8      | Identified Kikubaaqudgha's Catalogue of Darkness
  7903 | Lair:1   | Entered Level 1 of the Lair of Beasts
  7903 | Lair:1   | Noticed Erica
  7917 | Lair:1   | Killed Erica
  7917 | Lair:1   | Received a gift from Okawaru
  7917 | Lair:1   | Reached XP level 11. HP: 69/86 MP: 11/11
  7920 | Lair:1   | Got a pair of distressingly furry gloves {god gift}
  8048 | Lair:1   | Noticed an eight-headed hydra
  8056 | Lair:1   | Killed a four-headed hydra
  8388 | Lair:1   | Identified the +1 pair of gloves "Kecvufa" {*Drain rN+ MP+9 Str+2} (Okawaru gifted it to you on level 1 of the Lair of Beasts)
  8423 | Lair:1   | Reached skill level 1 in Invocations
  9103 | Lair:2   | Reached skill level 10 in Shields
  9222 | Lair:2   | Got an ancient quarterstaff
  9401 | Lair:2   | Reached skill level 5 in Invocations
  9481 | Lair:2   | Reached XP level 12. HP: 44/95 MP: 12/15
  9513 | Lair:2   | Found a dark tunnel.
  9518 | Volcano  | Entered a volcano
  9935 | Volcano  | Found a burning altar of Makhleb.
  9935 | Volcano  | Noticed a salamander mystic
  9949 | Volcano  | Killed a salamander mystic
 10021 | Volcano  | Received a gift from Okawaru
 10362 | Volcano  | Identified the +6 quarterstaff of the Dragonfly {speed, +Blink} (You found it on level 2 of the Lair of Beasts)
 11376 | Lair:3   | Found a hole to the Spider Nest.
 11830 | Lair:3   | Reached skill level 10 in Armour
 12102 | Lair:3   | Identified a scroll of acquirement
 12143 | Lair:3   | Noticed a seven-headed hydra
 12149 | Lair:3   | Killed a five-headed hydra
 12270 | Lair:3   | Reached skill level 11 in Shields
 12310 | Lair:3   | Got a distressingly furry cloak
 12321 | Lair:3   | Identified the +0 cloak of Dishonesty {rElec Str+4 Int+4} (You found it on level 3 of the Lair of Beasts)
 12379 | Lair:3   | Reached XP level 13. HP: 94/103 MP: 18/18
 12390 | Lair:3   | Reached skill level 10 in Fighting
 12949 | Lair:4   | Reached skill level 10 in Axes
 13318 | Lair:4   | Received a gift from Okawaru
 13513 | Lair:5   | Reached ****** piety under Okawaru
 13617 | Lair:5   | Gained mutation: Your magical capacity is low (-10% MP). [potion of mutation]
 13617 | Lair:5   | Gained mutation: Your spells are a little harder to cast, but a little more powerful. [potion of mutation]
 13617 | Lair:5   | Gained mutation: You are dopey. (Int -2) [potion of mutation]
 13845 | Lair:5   | Received a gift from Okawaru
 14029 | Lair:5   | Found a staircase to the Swamp.
 15138 | Lair:6   | Got a transparent quarterstaff
 15139 | Lair:6   | Identified the +5 quarterstaff "Wivewif" {venom, rF+ Str+3} (You found it on level 6 of the Lair of Beasts)
 15953 | Lair:6   | Reached XP level 14. HP: 113/113 MP: 17/17
 16238 | Lair:7   | Found a staircase to the Slime Pits.
 16285 | Lair:7   | Reached skill level 12 in Shields
 16294 | Lair:7   | Received a gift from Okawaru
 16698 | Lair:7   | Noticed Josephine
 16709 | Lair:7   | Killed Josephine
 17127 | Lair:7   | Noticed Rupert
 17138 | Lair:7   | Killed Rupert
 17138 | Lair:7   | Received a gift from Okawaru
 17248 | Lair:7   | Found a stormy altar of Qazlal.
 17535 | Lair:8   | Entered Level 8 of the Lair of Beasts
 17730 | Lair:8   | Reached XP level 15. HP: 120/120 MP: 15/18
 17885 | Lair:8   | Received a gift from Okawaru
 17891 | Lair:8   | Reached skill level 10 in Dodging
 18201 | Lair:8   | Reached skill level 13 in Shields
 18346 | Lair:8   | Slain by a nine-headed hydra

Action                   |  1- 3 |  4- 6 |  7- 9 | 10-12 | 13-15 || total
-------------------------+-------+-------+-------+-------+-------++-------
Melee: War axe           |    92 |   209 |   423 |   677 |       ||  1401
       Executioner's axe |       |       |       |    20 |   398 ||   418
       Battleaxe         |       |       |       |       |   369 ||   369
Invok: Heroism           |       |       |     1 |     9 |     7 ||    17
Evoke: Wand              |       |       |       |     5 |       ||     5
  Use: Scroll            |     4 |     5 |     5 |    12 |    15 ||    41
       Potion            |       |       |     7 |    11 |     4 ||    22
 Stab: Sleeping          |       |       |       |     1 |       ||     1
  Eat: Chunk             |       |     6 |    15 |    20 |    21 ||    62
       Bread ration      |       |       |       |       |     1 ||     1
